 Dungeon Crawl Stone Soup version 0.27-a0-1347-gd8886f0a89 (webtiles) character file.

Game seed: 17083921794208704196

21 puppykicker the Magician (level 3, -4/26 HPs)
             Began as a Djinni Hedge Wizard on June 27, 2021.
             Frozen to death by an endoplasm (7 damage)
             ... on level 1 of the Dungeon.
             The game lasted 00:01:36 (862 turns).

puppykicker the Magician (Djinni Hedge Wizard)       Turns: 862, Time: 00:01:37

Health: -4/26      AC:  2    Str: 10    XL:     3   Next: 2%
Gold:   15         EV: 12    Int: 15    God:
                   SH:  0    Dex: 12

rFire    + + .     SeeInvis .   a - +0 dagger
rCold    x . .     Faith    .   (no shield)
rNeg     . . .     Spirit   .   b - +0 robe
rPois    ∞         Reflect  .   c - +0 hat
rElec    .         Harm     .   (no cloak)
rCorr    .         Rampage  .   (no gloves)
Will     .....                  (boots unavailable)
Stlth    ++........             (no amulet)
HPRegen  0.08/turn              (no ring)
MPRegen  0.00/turn              (no ring)

@: flying, very slightly contaminated
A: sickness immunity, fire resistance 2, cold vulnerability 1, float, innate
caster, hp casting, extra vitality 1
a: no special abilities


You were on level 1 of the Dungeon.
You visited 1 branch of the dungeon, and saw 1 of its levels.

You collected 15 gold pieces.

Inventory:

Hand Weapons
 a - a +0 dagger (weapon)
Missiles
 e - 17 stones (quivered)
Armour
 b - a +0 robe (worn)
 c - a +0 hat (worn)
Potions
 d - 2 potions of heal wounds {unknown}


   Skills:
 + Level 0.7 Fighting
 * Level 1.1 Short Blades
 + Level 0.4 Armour
 + Level 2.3 Dodging
 + Level 1.7 Stealth
 + Level 2.5 Spellcasting


You couldn't memorise any spells.
You knew the following spells:

 Your Spells              Type           Power      Damage    Failure   Level
a - Magic Dart            Conj           36%        1d4       8%          1
b - Call Imp              Summ           9%         N/A       12%         2
c - Conjure Flame         Conj/Fire      9%         6-21      22%         3
d - Pain                  Necr           36%        1d5       8%          1
p - Blink                 Tloc           N/A        N/A       12%         2
s - Slow                  Hex            9%         N/A       12%         2
x - Mephitic Cloud        Conj/Pois/Air  9%         N/A       22%         3
Your spell library was empty.

Dungeon Overview and Level Annotations

Branches:
Dungeon (1/15)

Altars:


Innate Abilities, Weirdness & Mutations

You are immune to sickness and miasma.
You are immune to poison.
Your flesh is very heat resistant. (rF++)
You are vulnerable to cold. (rC-)
You float through the air rather than walking.
You learn spells naturally, not from books.
Your magical power is your life essence.
You have superior vitality. (+4 HP)


Message History

Aiming: Magic Dart (safe; 8% risk of failure)
Press: ? - help, Shift-Dir - straight line, f - endoplasm
Aim: an endoplasm (100% to hit)
The magic dart hits the endoplasm.
* * * LOW HITPOINT WARNING * * *
The endoplasm hits you.
* * * LOW HITPOINT WARNING * * *
You take 3 damage, and have 6/26 hp.
Casting: Magic Dart (safe; 8% risk of failure)
Aiming: Magic Dart (safe; 8% risk of failure)
Press: ? - help, Shift-Dir - straight line, f/p - endoplasm
Aim: an endoplasm (lightly wounded, 100% to hit)
You miscast Magic Dart.
Nothing appears to happen.
* * * LOW HITPOINT WARNING * * *
The endoplasm closely misses you.
You take 1 damage, and have 5/26 hp.
Unknown command.
Unknown command.
Unknown command.
Casting: Magic Dart (safe; 8% risk of failure)
Aiming: Magic Dart (safe; 8% risk of failure)
Press: ? - help, Shift-Dir - straight line, f/p - endoplasm
Aim: an endoplasm (lightly wounded, 100% to hit)
You miscast Magic Dart.
Nothing appears to happen.
* * * LOW HITPOINT WARNING * * *
The endoplasm closely misses you.
You take 1 damage, and have 4/26 hp.
Casting: Magic Dart (safe; 8% risk of failure)
Aiming: Magic Dart (safe; 8% risk of failure)
Press: ? - help, Shift-Dir - straight line, f/p - endoplasm
Aim: an endoplasm (lightly wounded, 100% to hit)
You miscast Magic Dart.
Nothing appears to happen.
* * * LOW HITPOINT WARNING * * *
The endoplasm freezes you.
You are frozen!
You feel a terrible chill!
You die...

.# #...####.# .........#
.# #...'....#
........####
.###...########
#..........
.........†....#
#.[........
.#####.#...##.#
#.......... .#
#.#....#.# #g.........
†# #.#....#.#
#.......... .#
#.#.##.#.#####..........
.#
#.#........@J...........
)#
#.####.....####.........
.# #.# ###.#.#
#......... .#####.#
#...#.# #.........
.......# #.###.#
#...!..... .#######
#.###.# #######.## .#
#.....# .# ## #####.# .
###


You could see an endoplasm.

Levels and vault maps discovered:
D:1:      dpeg_arrival_tiny_k, layout_basic, minmay_pentomino_u4

Notes
Turn   | Place    | Note
-------+----------+-------------------------------------------
     0 | D:1      | puppykicker the Djinni Hedge Wizard began the quest for the
                  | Orb.
     0 | D:1      | Reached XP level 1. HP: 15/15 MP: 0/0
   441 | D:1      | Identified a +0 club
   454 | D:1      | Reached XP level 2. HP: 11/22 MP: 0/0
   837 | D:1      | Reached skill level 1 in Short Blades
   844 | D:1      | Identified a +0 dagger
   845 | D:1      | Identified a +0 club
   859 | D:1      | Reached XP level 3. HP: 9/26 MP: 0/0
   859 | D:1      | Learned a level 1 spell: Pain
   859 | D:1      | HP: 6/26 [endoplasm (2)]
   862 | D:1      | Frozen to death by an endoplasm

Table legend: (Time is in decaauts)
 A = Elapsed time spent in this place.
 B = Non-inter-level travel time spent in this place.
 C = Inter-level travel time spent in this place.
 D = Time resting spent in this place.
 E = Time spent auto-exploring this place.
 F = Levels seen in this place.
 G = Mean time per level.
                   A        B        C        D        E       F      G
               +--------+--------+--------+--------+--------+-----+--------+
         Total |    862 |    862 |      0 |    670 |    101 |   1 |  862.0 |
       Dungeon |    862 |    862 |      0 |    670 |    101 |   1 |  862.0 |
               +--------+--------+--------+--------+--------+-----+--------+

Top non-repeatable levels by time:
     D:1: 862 daAuts

Table legend:
 A = Kills in this place as a percentage of kills in entire the game.
 B = Kills by you in this place as a percentage of kills by you in the entire game.
 C = Kills by friends in this place as a percentage of kills by friends in the entire game.
 D = Other kills in this place as a percentage of other kills in the entire game.
 E = Experience gained in this place as a percentage of experience gained in the entire game.
 F = Experience gained in this place divided by the number of levels of this place that you have seen.
                   A       B       C       D       E      F
               +-------+-------+-------+-------+-------+----------------------
         Total | 100.0 | 100.0 |   N/A |   N/A | 100.0 |  30.0
       Dungeon | 100.0 | 100.0 |   N/A |   N/A | 100.0 |  30.0
               +-------+-------+-------+-------+-------+----------------------

Skill      XL: |  1  2 |
---------------+-------+-----
Short Blades   | 1 |  1.1
Fighting       | |  0.7
Armour         | |  0.4
Dodging        | |  2.3
Stealth        | |  1.7
Spellcasting   | |  2.5

Action                   || total
-------------------------++-------
Melee: Dagger            ||     3
Throw: Stone             ||     4
 Cast: Magic Dart        ||    43
Armor: Robe              ||     3
Dodge: Dodged            ||     9

Vanquished Creatures
  2 dart slugs (D:1)
  A ball python (D:1)
  6 endoplasms (D:1)
  2 goblins (D:1)
  A hobgoblin (D:1)
  A quokka (D:1)
13 creatures vanquished.
